 Seeded DCSS version 0.29-a0-393-g47a863cc1b (webtiles) character file.

Game seed: 8207693659076144830 (custom seed)

39888 NinjaNoafa the Blocker (level 13, -5/127 HPs)
             Began as a Troll Fighter on May 9, 2022.
             Was a High Priest of Nemelex Xobeh.
             Slain by a juggernaut skeleton (37 damage)
             ... on level 15 of the Dungeon.
             The game lasted 00:37:32 (14531 turns).

NinjaNoafa the Blocker (Troll Fighter)             Turns: 14531, Time: 00:37:33

Health: -5/127     AC:  9    Str: 41    XL:     13   Next: 71%
Magic:  18/18      EV: 14    Int:  6    God:    Nemelex Xobeh [*****.]
Gold:   1291       SH: 22    Dex: 22    Spells: 12/12 levels left

rFire   + + .      SeeInvis .   t - +7 whip of Taxation {venom, Drain Str+8 Dex+3}
rCold   . . .      Faith    +   b - +5 kite shield
rNeg    . . .      Spirit   .   K - +0 troll leather armour
rPois   +          Reflect  .   (helmet restricted)
rElec   +          Harm     .   i - +0 cloak {rPois}
rCorr   .          Rampage  .   (gloves unavailable)
Will    .....                   (boots unavailable)
Stlth   ++........              g - amulet of faith
HPRegen 1.91/turn               x - +6 ring of dexterity
MPRegen 0.16/turn               F - ring of Zigeugg {rF++ Str+6}

@: mighty, flayed, studying Air Magic
A: large, unfitting armour, claws 3, regeneration 1, shaggy fur 1, tough skin 1,
iridescent scales 1, large bone plates 1, clever 1, electricity resistance
a: Renounce Religion, Draw Escape, Draw Destruction, Draw Summoning, Triple
Draw, Deal Four, Stack Five


You were on level 15 of the Dungeon.
You worshipped Nemelex Xobeh.
Nemelex Xobeh was extremely pleased with you.
You visited 2 branches of the dungeon, and saw 16 of its levels.
You visited the Abyss 1 time.
You also visited: Ossuary.

You collected 1410 gold pieces.
You spent 119 gold pieces at shops.

Inventory:

Hand Weapons
 t - the +7 whip of Taxation (weapon) {venom, Drain Str+8 Dex+3}
   (You found it on level 9 of the Dungeon)

   It poisons the flesh of those it strikes.
   Str:       It affects your strength (+8).
   Dex:       It affects your dexterity (+3).
   Drain:     It drains your maximum health when unequipped.
Missiles
 f - 468 stones
 h - 2 throwing nets
 l - 8 poisoned darts (quivered)
 p - 5 boomerangs
 v - 6 datura-tipped darts
 z - 3 curare-tipped darts
Armour
 b - a +5 kite shield (worn)
 i - a +0 cloak of poison resistance (worn)
 K - a +0 troll leather armour (worn)
Jewellery
 c - a ring of flight
 g - an amulet of faith (around neck)
 j - a +4 ring of slaying
 m - a +6 ring of dexterity
 n - a ring of fire
 r - a ring of protection from fire
 x - a +6 ring of dexterity (left claw)
 B - a +6 ring of intelligence
 F - the ring of Zigeugg (right claw) {rF++ Str+6}
   (You acquired it on level 14 of the Dungeon)

   [ring of strength]

   Str:       It affects your strength (+6).
   rF:        It greatly protects you from fire.
 H - a ring of fire
Wands
 s - a wand of charming (3)
 w - a wand of paralysis (4)
 y - a wand of polymorph (11)
 J - a wand of iceblast (6)
Scrolls
 a - 3 scrolls of vulnerability
 k - 7 scrolls of magic mapping
 u - a scroll of amnesia
 A - a scroll of noise
 C - 4 scrolls of fog
 D - 3 scrolls of identify
 E - a scroll of torment
Potions
 d - a potion of flight
 e - 4 potions of mutation
 o - 3 potions of curing
 q - 2 potions of brilliance
 G - 2 potions of cancellation
 I - a potion of might


   Skills:
 + Level 8.0 Fighting
 + Level 9.6 Maces & Flails
 - Level 5.0 Throwing
 + Level 8.0 Dodging
 + Level 11.1 Shields
 - Level 7.6 Unarmed Combat
 - Level 3.8 Transmutations
 + Level 9.1 Invocations
 - Level 3.3 Evocations


You had 12 spell levels left.
You didn't know any spells.
Your spell library contained the following spells:

 Spells                   Type           Power      Damage    Failure   Level
 Beastly Appendage        Tmut           8%         N/A       21%         1
 Wereblood                Tmut           4%         N/A       30%         2
 Freeze                   Ice            0%         1d3       67%         1
 Slow                     Hex            0%         N/A       67%         1
 Summon Small Mammal      Summ           0%         N/A       67%         1
 Spider Form              Tmut/Pois      2%         N/A       80%         3
 Blink                    Tloc           0%         N/A       82%         2
 Sublimation of Blood     Necr           0%         N/A       82%         2
 Call Canine Familiar     Summ           0%         N/A       96%         3
 Confusing Touch          Hex            0%         N/A       96%         3
 Frozen Ramparts          Ice            0%         1d2       96%         3
 Inner Flame              Hex/Fire       0%         N/A       96%         3
 Portal Projectile        Hex/Tloc       0%         N/A       96%         3
 Summon Guardian Golem    Hex/Summ       0%         N/A       96%         3
 Vampiric Draining        Necr           0%         2d6       96%         3
 Petrify                  Tmut/Erth      2%         N/A       99%         4
 Cause Fear               Hex            0%         N/A       100%        4
 Fulminant Prism          Conj/Hex       0%         3d6       100%        4
 Hailstorm                Conj/Ice       0%         3d3       100%        4
 Iskenderun's Mystic Bla  Conj/Tloc      0%         2d3       100%        4
 Leda's Liquefaction      Hex/Erth       0%         N/A       100%        4
 Irradiate                Conj/Tmut      1%         3d13      100%        5
 Lee's Rapid Deconstruct  Erth           0%         3d5*      100%        5
 Manifold Assault         Tloc           0%         N/A       100%        5
 Storm Form               Tmut/Air       1%         N/A       100%        7
 Borgnjor's Revivificati  Necr           0%         N/A       100%        8
 Discord                  Hex            0%         N/A       100%        8
 Necromutation            Tmut/Necr      1%         N/A       100%        8
 Death's Door             Necr           0%         N/A       100%        9


Dungeon Overview and Level Annotations

Branches:
Dungeon (15/15)            Temple (1/1) D:6            Lair (0/6) D:8
    Orc (0/2) D:11         Vaults (0/5) D:13         Depths (0/4) D:15
Ossuary (visited)

Altars:
Ashenzari
Cheibriados
Dithmenos
Elyvilon
Fedhas
Gozag
Hepliaklqana
Kikubaaqudgha
Makhleb
Nemelex Xobeh
Okawaru
Qazlal
Ru
Sif Muna
Trog
Uskayaw
Vehumet
Wu Jian
Xom
Yredelemnul
Zin
The Shining One

Shops:
D:8 [   D:10 [

Annotations:
D:12 Jorgrun


Innate Abilities, Weirdness & Mutations

You are too large for most types of armour.
You have claws for hands.
Your natural rate of healing is unusually fast.
You are covered in fur. (AC +1)
You have tough skin. (AC +1)
You are partially covered in iridescent scales. (AC +2)
You are partially covered in large bone plates. (SH +4)
Your mind is acute. (Int +2)
You are resistant to electric shocks. (rElec)


Message History

The spriggan berserker skeleton is heavily damaged.
The spriggan berserker skeleton misses you.
You thrash the spriggan berserker skeleton!!
The spriggan berserker skeleton is almost destroyed.
You whack the spriggan berserker skeleton!
You destroy the spriggan berserker skeleton!
Things that are here:
a +0 short sword; a +0 trident The flayed ghost stares at you with tortured malice.
Terrible wounds open up all over your body!
The flayed ghost cries, "Suffer as I suffered!"
Terrible wounds spread across more of your body!
A juggernaut skeleton comes into view.
The flayed ghost stares at you with tortured malice.
Terrible wounds spread across more of your body!
The flayed ghost hits the withered plant!
The withered plant begins to crumble.
The flayed ghost hits the withered plant!
A necromancer comes into view. It is wielding a +0 dagger.
The flayed ghost cries, "Suffer as I suffered!"
Terrible wounds spread across more of your body!
You block the juggernaut skeleton's attack.
The juggernaut skeleton hits you!
* * * LOW HITPOINT WARNING * * *
Press: ? - help, v - describe, . - travel
Here: a flayed ghost A staircase to the Depths, spattered with blood.
Okay, then.
The flayed ghost stares at you with tortured malice.
Terrible wounds spread across more of your body!
* * * LOW HITPOINT WARNING * * *
The withered plant crumbles away.
The flayed ghost stares at you with tortured malice.
Terrible wounds spread across more of your body!
* * * LOW HITPOINT WARNING * * *
Okay, then.
The juggernaut skeleton attacks as you move away!
The juggernaut skeleton hits you!!!
You die...
Your body glows slightly and disappears.

## #+# .####. #.# #......PP.8#
#######.# ##..!8.P.....
......#.## #............
#####...)## #....8.......
#####.....## #P....P......
...##....#.## ##.....P.8..8.
##.......##.#####......8>.....
####..#........)@Z.....P......
# ##.#.###.######.P.W......88
. ....##.## #.PP.P.P..P.8 ##
####.#.# #...........p #..#
##........... #.# ##..........
#.. #####.#.... #. ......


You could see a flayed ghost and a juggernaut skeleton.

Vanquished Creatures
  Fannar (D:10)
  2 boulder beetles
  A vault guard (D:13)
  6 centaur warriors
  A two-headed ogre (D:7)
  6 slime creatures
  Nergalle (D:11)
  2 skeletal warriors (D:15)
  A spark wasp zombie (D:15)
  A wizard (D:13)
  The ghost of SirDiesAlot the Skirmisher, a novice MiFi (D:10)
  Pikel (D:3)
  2 necromancers (D:13)
  A harpy (D:11)
  11 ugly things
  2 deep elf pyromancers
  3 manticores
  A black mamba (D:11)
  Maggie (D:6)
  A spriggan zombie (D:15)
  Psyche (D:9)
  A gargoyle (D:12)
  2 kobold demonologists
  2 efreet (D:13)
  2 yaktaurs (D:15)
  4 trolls (D:11)
  A raiju (D:11)
  A blink frog (D:11)
  A jumping spider (D:11)
  A spriggan skeleton (D:15)
  A vampire (D:11)
  3 wraiths
  A water elemental (D:14)
  11 yaks
  A spriggan (D:11)
  Eustachio (D:4)
  21 humans (D:13)
  The ghost of lesaewzxc the Shooter, an amateur MiHu of Zin (D:5)
  Grum (D:11)
  A basilisk (D:12)
  8 redbacks (D:14)
  A steam dragon (D:11)
  6 vampire mosquitoes (D:13)
  5 acid dragons
  3 water moccasins
  Duvessa (D:5)
  9 orc warriors
  An ice beast (D:6)
  2 black bears
  3 sky beasts
  6 ogres
  17 centaurs
  2 wolves (D:11)
  A phantom (D:6)
  An elf zombie (Ossuary)
  2 kobold brigands
  7 gnoll sergeants
  Blork the orc (D:4)
  2 scorpions (D:5)
  A bullfrog (D:11)
  Dowan (D:5)
  3 killer bees (D:10)
  The ghost of jujuben the Magician, a weakling DrWz (D:3)
  A centaur zombie (Ossuary)
  2 quasits (D:5)
  11 orc priests
  5 hounds
  3 iguanas
  A jelly (D:6)
  2 gnoll shamans
  Ijyb (D:3)
  Terence (D:2)
  Natasha (twice) (D:2)
  11 orc wizards
  3 mummies
  8 adders
  37 gnolls
  A shadow imp (D:8)
  2 white imps
  2 ufetubi
  A worm (D:4)
  A dart slug (D:2)
  47 orcs
  2 endoplasms (D:1)
  3 giant cockroaches
  3 gnoll zombies (Ossuary)
  3 goblins
  3 hobgoblins
  4 jackals (D:3)
  4 quokkas
  5 ball pythons
  8 bats
  2 frilled lizards
  5 goblin zombies
  5 hobgoblin zombies
  12 kobolds
  An orc zombie (Ossuary)
  4 rats
  A lurking horror (Abyss:1)
395 creatures vanquished.

Vanquished Creatures (collateral kills)
  A thrashing horror (D:9)
  A polar bear (D:11)
  3 centaurs (D:13)
5 creatures vanquished.

Vanquished Creatures (others)
  2 orcs
  An endoplasm (D:3)
  A bat (D:3)
  A plant (D:13)
  8 starspawn tentacles (Abyss:1)
  2 withered plants (D:15)
15 creatures vanquished.

Grand Total: 415 creatures vanquished

Notes
Turn   | Place    | Note
-------+----------+-------------------------------------------
     0 | D:1      | NinjaNoafa the Troll Fighter began the quest for the Orb.
     0 | D:1      | Reached XP level 1. HP: 22/22 MP: 0/0
   178 | D:1      | Reached XP level 2. HP: 22/29 MP: 1/1
   607 | D:2      | Noticed Terence
   617 | D:2      | Killed Terence
   618 | D:2      | Reached XP level 3. HP: 27/36 MP: 2/2
   618 | D:2      | Found a faded altar of an unknown god.
   757 | D:2      | Reached XP level 4. HP: 34/44 MP: 3/3
   798 | D:2      | Reached skill level 3 in Shields
   854 | D:2      | Identified a scroll of acquirement
   854 | D:2      | Acquired a manual of Shields
  1010 | D:2      | Noticed Natasha
  1016 | D:2      | Killed Natasha
  1017 | D:2      | Reached XP level 5. HP: 39/53 MP: 4/4
  1390 | D:2      | Noticed Natasha
  1405 | D:2      | Killed Natasha
  1489 | D:2      | Identified the +3 leather armour "Sulaczyf" {Dex+4 Slay+2}
  1875 | D:3      | Noticed Ijyb
  1885 | D:3      | Killed Ijyb
  1886 | D:3      | Reached XP level 6. HP: 35/61 MP: 5/5
  1964 | D:3      | Found a runed translucent gate.
  1964 | D:3      | Found a runed translucent gate.
  1964 | D:3      | Found a runed translucent gate.
  1965 | D:3      | Noticed jujuben's ghost (weakling DrWz)
  2200 | D:4      | Noticed Pikel
  2328 | D:4      | Gained mutation: You are partially covered in large bone
                  | plates. (SH +4) [potion of mutation]
  2328 | D:4      | Gained mutation: You are partially covered in iridescent
                  | scales. (AC +2) [potion of mutation]
  2328 | D:4      | Gained mutation: Your mind is acute. (Int +2) [potion of
                  | mutation]
  2328 | D:4      | Gained mutation: You are resistant to electric shocks.
                  | (rElec) [potion of mutation]
  2375 | D:3      | Killed Pikel
  2376 | D:3      | Reached skill level 4 in Shields
  2376 | D:3      | Reached skill level 5 in Unarmed Combat
  2376 | D:3      | Reached XP level 7. HP: 28/68 MP: 6/6
  2550 | D:4      | Found a sparkling altar of Nemelex Xobeh.
  2586 | D:4      | Found a basalt altar of Yredelemnul.
  2636 | D:4      | Noticed Eustachio
  2654 | D:4      | Killed Eustachio
  2655 | D:4      | Reached skill level 5 in Shields
  2750 | D:4      | Noticed Blork the orc
  2763 | D:4      | Killed Blork the orc
  2764 | D:4      | Reached XP level 8. HP: 72/78 MP: 7/7
  3149 | D:4      | Became a worshipper of Nemelex Xobeh the Trickster
  3172 | D:5      | Entered Level 5 of the Dungeon
  3172 | D:5      | Noticed Duvessa
  3174 | D:5      | Noticed Dowan
  3190 | D:5      | Killed Duvessa
  3191 | D:5      | Reached skill level 1 in Invocations
  3191 | D:5      | Reached skill level 1 in Evocations
  3201 | D:5      | Killed Dowan
  3230 | D:5      | Noticed a kobold demonologist
  3234 | D:5      | Noticed a red devil
  3243 | D:5      | Noticed an orange demon
  3487 | D:5      | Reached * piety under Nemelex Xobeh
  3531 | D:5      | Noticed a sixfirhy
  3535 | D:5      | Noticed a rust devil
  3535 | D:5      | Killed a kobold demonologist
  3557 | D:5      | Found a transporter.
  3626 | D:5      | Identified the +0 robe "Nebroafrad" {rN+ Str-2 Int+8 Dex-2}
  3642 | D:5      | Found a transporter.
  3649 | D:5      | Noticed lesaewzxc's ghost (amateur MiHu)
  3951 | D:6      | Reached skill level 5 in Invocations
  3951 | D:6      | Reached XP level 9. HP: 80/84 MP: 11/11
  3979 | D:6      | Received a gift from Nemelex Xobeh
  4100 | D:6      | Found a glowing silver altar of Zin.
  4309 | D:6      | Noticed Maggie
  4323 | D:6      | Killed Maggie
  4324 | D:6      | Reached skill level 6 in Shields
  4429 | D:6      | Received a gift from Nemelex Xobeh
  4461 | D:6      | Found a staircase to the Ecumenical Temple.
  4720 | Temple   | Entered the Ecumenical Temple
  5008 | D:7      | Reached ** piety under Nemelex Xobeh
  5125 | D:7      | Noticed a two-headed ogre
  5133 | D:7      | Killed a two-headed ogre
  5134 | D:7      | Reached skill level 5 in Fighting
  5134 | D:7      | Reached skill level 5 in Dodging
  5168 | D:7      | Reached XP level 10. HP: 96/96 MP: 13/13
  5296 | D:7      | Found a sand-covered staircase.
  5301 | Ossuary  | Entered an ossuary
  5350 | Ossuary  | Reached skill level 7 in Shields
  5474 | D:7      | Received a gift from Nemelex Xobeh
  5628 | D:7      | Received a gift from Nemelex Xobeh
  5874 | D:7      | Reached *** piety under Nemelex Xobeh
  6063 | D:8      | Noticed a manticore
  6111 | D:8      | Killed a manticore
  6315 | D:8      | Found Quxikheq's Armour Emporium.
  6323 | D:8      | Bought a +0 cloak of poison resistance for 119 gold pieces
  6403 | D:8      | Paralysed by an orc priest for 5 turns
  6570 | D:8      | Received a gift from Nemelex Xobeh
  6736 | D:8      | Found a staircase to the Lair.
  6881 | D:3      | Killed jujuben's ghost
  6992 | D:5      | Killed lesaewzxc's ghost
  6996 | D:5      | Reached skill level 1 in Throwing
  7284 | D:9      | Received a gift from Nemelex Xobeh
  7399 | D:9      | Reached **** piety under Nemelex Xobeh
  7415 | D:9      | Noticed a rust devil
  7750 | D:9      | Received a gift from Nemelex Xobeh
  7770 | D:9      | Identified the +7 whip of Taxation {venom, Drain Str+8
                  | Dex+3}
  7933 | D:9      | Noticed Psyche
  7937 | D:9      | Cast into level 1 of the Abyss (Psyche)
  8136 | Abyss:1  | Noticed a tentacled starspawn
  8144 | Abyss:1  | Found a hazy altar of Hepliaklqana.
  8148 | Abyss:1  | Found a corrupted altar of Lugonu.
  8189 | Abyss:1  | Noticed a starcursed mass
  8228 | Abyss:1  | Noticed an orange demon
  8269 | Abyss:1  | Noticed a tentacled starspawn
  8296 | Abyss:1  | Noticed a thrashing horror
  8312 | Abyss:1  | Noticed a large abomination
  8341 | Abyss:1  | Noticed a thrashing horror
  8356 | D:9      | Escaped the Abyss
  8373 | D:9      | Killed Psyche
  8376 | D:9      | Killed a thrashing horror
  8377 | D:9      | Reached XP level 11. HP: 59/107 MP: 14/14
  8586 | D:10     | Entered Level 10 of the Dungeon
  8670 | D:10     | Found a runed translucent gate.
  8670 | D:10     | Found a runed translucent gate.
  8671 | D:10     | Noticed SirDiesAlot's ghost (novice MiFi)
  8672 | D:10     | Found a runed translucent gate.
  8767 | D:10     | Received a gift from Nemelex Xobeh
  8779 | D:10     | Noticed Fannar
  8797 | D:10     | Killed Fannar
  8876 | D:10     | Reached skill level 5 in Throwing
  8881 | D:10     | Reached skill level 1 in Maces & Flails
  9544 | D:10     | Found Tom Xofa's Armour Shoppe.
 10061 | D:10     | Killed SirDiesAlot's ghost
 10210 | D:11     | Noticed Nergalle
 10231 | D:11     | Received a gift from Nemelex Xobeh
 10242 | D:11     | Killed Nergalle
 10255 | D:11     | Noticed a sixfirhy
 10268 | D:11     | You fall into a shaft and drop 3 floors!
 10365 | D:14     | Reached skill level 5 in Maces & Flails
 10370 | D:14     | Noticed a boulder beetle
 10374 | D:14     | Noticed a cyan ugly thing
 10376 | D:14     | Noticed a cyan ugly thing
 10378 | D:14     | Noticed a deep elf pyromancer
 10380 | D:14     | Noticed a centaur warrior
 10381 | D:14     | Noticed a centaur warrior
 10383 | D:14     | Noticed a cyan ugly thing
 10388 | D:14     | Killed a boulder beetle
 10390 | D:14     | Killed a deep elf pyromancer
 10396 | D:14     | Killed a purple ugly thing
 10398 | D:14     | Noticed a centaur warrior
 10407 | D:14     | Killed a purple ugly thing
 10416 | D:14     | Killed a centaur warrior
 10422 | D:14     | Killed a centaur warrior
 10424 | D:14     | Noticed a cyan ugly thing
 10438 | D:14     | Killed a cyan ugly thing
 10445 | D:14     | Killed a cyan ugly thing
 10446 | D:14     | Reached XP level 12. HP: 77/118 MP: 15/15
 10452 | D:14     | Killed a centaur warrior
 10505 | D:14     | Received a gift from Nemelex Xobeh
 10539 | D:14     | Noticed a centaur warrior
 10587 | D:14     | Killed a centaur warrior
 10588 | D:14     | Reached skill level 8 in Shields
 10699 | D:14     | Reached ***** piety under Nemelex Xobeh
 10756 | D:14     | Acquired the ring of Zigeugg {rF++ Str+6}
 10891 | D:14     | Received a gift from Nemelex Xobeh
 11515 | D:13     | Noticed a centaur warrior
 11532 | D:13     | Killed a centaur warrior
 11538 | D:13     | HP: 5/118 [efreet/+4 scimitar of flaming (19)]
 11544 | D:13     | Reached skill level 9 in Shields
 11766 | D:13     | Noticed a boulder beetle
 11776 | D:13     | Killed a boulder beetle
 11972 | D:13     | Noticed a vault guard
 12004 | D:13     | Killed a vault guard
 12020 | D:13     | Reached XP level 13. HP: 127/127 MP: 16/18
 12039 | D:13     | Reached skill level 10 in Shields
 12187 | D:13     | Found a gate to the Vaults.
 12436 | D:13     | Found a shimmering blue altar of Sif Muna.
 12622 | D:13     | Reached skill level 1 in Transmutations
 12911 | D:11     | Noticed Grum
 12911 | D:11     | Received a gift from Nemelex Xobeh
 12914 | D:11     | Killed Grum
 13415 | D:11     | Found a staircase to the Orcish Mines.
 13802 | D:12     | Reached skill level 11 in Shields
 14207 | D:12     | Noticed Jorgrun
 14386 | D:15     | Entered Level 15 of the Dungeon
 14386 | D:15     | Found a shimmering altar of Xom.
 14386 | D:15     | Found a shimmering altar of Xom.
 14388 | D:15     | Found a shimmering altar of Xom.
 14475 | D:15     | Found a staircase to the Depths.
 14531 | D:15     | Slain by a juggernaut skeleton

Illustrated notes

Levels and vault maps discovered:
D:1:      dpeg_arrival_solitude, layout_basic, serial_aquarium,
          aquarium_bridge_square [aquarium_subvault_bridge,
          aquarium_subvault_wall, aquarium_subvault_window,
          aquarium_subvault_balcony], aquarium_bridge_square
          [aquarium_subvault_balcony, aquarium_subvault_bridge,
          aquarium_subvault_bridge, aquarium_subvault_window],
          aquarium_window_fake, aquarium_window_corner, aquarium_window_1,
          aquarium_window_corner, aquarium_view_2b, aquarium_balcony_1b,
          aquarium_pool_double
D:2:      layout_basic, hellmonk_ecumenical_altar_pennies_from_heaven,
          uniq_terence, uniq_natasha
D:3:      layout_basic, gammafunk_ghost_nasty_kobolds,
          kennysheep_generic_room_2, uniq_ijyb
D:4:      layout_basic, mainiacjoe_overflow_catch_the_wave, corner_web_ring,
          uniq_eustachio, uniq_pikel, uniq_blork_the_orc
D:5:      layout_cave_pools, gammafunk_ghost_stat_death, uniq_duvessa
D:6:      layout_loops_ring, zin_statuary, minmay_temple_entry_nine_rooms,
          uniq_maggie
D:7:      layout_basic, nicolae_ossuary_entry_giza
D:8:      layout_cave_pools, lair_entry_dummy, serial_shops, shop,
          lemuel_old_faithful
D:9:      layout_long_grid, grunt_ogre_cave, uniq_psyche
D:10:     layout_basic, ebering_ghost_rock_garden, serial_shops, shop,
          uniq_fannar
D:11:     layout_cave_pools, kennysheep_orc_monster_closet_entryway, uniq_grum,
          uniq_nergalle
D:12:     minmay_stone_box, layout_cave_pods, uniq_jorgrun
D:13:     layout_long_grid, grunt_vaults_entry_tiered, serial_bayou_pond_e,
          tgw_sif
D:14:     layout_loops_ring, nicolae_water_bricks, drop_trap
D:15:     gammafunk_depths_entry_grave, layout_loops_corners, xom_redecorated
Temple:   mainiacjoe_temple_bowtie_tessellation

Skill      XL: |  1  2  3  4  5  6  7  8  9 10 11 12 13 |
---------------+----------------------------------------+-----
Unarmed Combat | 3 4 5 6 7 |  7.6
Shields        | 3 4 5 6 7 9 11 | 11.1
Fighting       | 3 4 5 6 7 8 |  8.0
Dodging        | 3 4 5 6 7 8 |  8.0
Invocations    | 5 6 8 9 |  9.1
Evocations     | 3 |  3.3
Throwing       | 3 5 |  5.0
Maces & Flails | 8 9 |  9.6
Transmutations | 3 |  3.8

Action                   |  1- 3 |  4- 6 |  7- 9 | 10-12 | 13-15 || total
-------------------------+-------+-------+-------+-------+-------++-------
Melee: Unarmed           |    66 |    99 |   227 |   430 |       ||   822
       Whip              |       |       |       |   260 |   452 ||   712
Throw: Throwing net      |       |     1 |       |       |       ||     1
       Stone             |       |       |       |    42 |       ||    42
       Dart              |       |       |       |    46 |     9 ||    55
Invok: Draw Destruction  |       |       |       |    23 |     4 ||    27
       Draw Summoning    |       |       |       |     7 |       ||     7
       Draw Escape       |       |       |       |     9 |     1 ||    10
       Triple Draw       |       |       |       |     2 |       ||     2
       Deal Four         |       |       |       |     1 |       ||     1
Evoke: Wand              |       |       |       |     9 |     1 ||    10
  Use: Potion            |     2 |     6 |     1 |    12 |     1 ||    22
       Scroll            |       |    11 |       |    14 |     4 ||    29
 Stab: Sleeping          |       |     2 |     3 |     2 |       ||     7
       Paralysed         |       |       |       |     5 |       ||     5
       Distracted        |       |       |       |     1 |     1 ||     2
Armor: Robe              |    36 |    21 |    31 |       |       ||    88
       Steam dragon scal |       |       |     4 |   224 |    31 ||   259
       Skin              |       |       |       |     3 |       ||     3
       Troll leather arm |       |       |       |       |    30 ||    30
Dodge: Dodged            |    32 |    37 |    54 |   443 |   144 ||   710
Block: Kite shield       |    25 |    58 |   173 |  1078 |   403 ||  1737

Table legend: (Time is in decaauts)
 A = Elapsed time spent in this place.
 B = Non-inter-level travel time spent in this place.
 C = Inter-level travel time spent in this place.
 D = Time resting spent in this place.
 E = Time spent auto-exploring this place.
 F = Levels seen in this place.
 G = Mean time per level.
                   A        B        C        D        E       F      G
               +--------+--------+--------+--------+--------+-----+--------+
         Total |  14360 |  12999 |   1361 |    665 |   8612 |  18 |  797.8 |
       Dungeon |  13564 |  12233 |   1331 |    530 |   8310 |  15 |  904.3 |
        Temple |    245 |    215 |     30 |      0 |    202 |   1 |  245.0 |
         Abyss |    418 |    418 |      0 |    135 |     47 |   1 |  418.0 |
       Ossuary |    131 |    131 |      0 |      0 |     53 |   1 |  131.0 |
               +--------+--------+--------+--------+--------+-----+--------+

Top non-repeatable levels by time:
    D:13: 1288 daAuts
    D:14: 1263 daAuts
    D:10: 1199 daAuts
     D:9: 1066 daAuts
     D:2: 991 daAuts
     D:4: 959 daAuts
     D:6: 942 daAuts
     D:3: 920 daAuts
     D:7: 917 daAuts
     D:5: 904 daAuts
     D:8: 863 daAuts
    D:11: 844 daAuts
     D:1: 669 daAuts
    D:12: 606 daAuts
 Abyss:1: 418 daAuts
